 Dungeon Crawl Stone Soup version 0.27-a0-1278-g6cbc8dfb29 (webtiles) character file.

Game seed: 16957489162176832934

121 spiderkeys the Skirmisher (level 4, 0/58 HPs)
             Began as a Palentonga Berserker on June 13, 2021.
             Was a Believer of Trog.
             Slain by an iguana (2 damage)
             ... on level 2 of the Dungeon.
             The game lasted 00:03:40 (2699 turns).

spiderkeys the Skirmisher (Palentonga Berserker)    Turns: 2699, Time: 00:03:40

Health: 0/58       AC:  8    Str: 21    XL:     4   Next: 76%
Magic:  4/4        EV:  6    Int:  8    God:    Trog [**....]
Gold:   48         SH:  0    Dex:  9    Spells: 3/3 levels left

rFire    + . .     SeeInvis +   q - +0 flail
rCold    . . .     Faith    .   (no shield)
rNeg     . . .     Spirit   .   p - +0 chain mail {Will+}
rPois    .         Reflect  .   m - +0 helmet
rElec    .         Harm     .   c - scarf {+Inv}
rCorr    .         Rampage  .   (no gloves)
Will     +....                  (no barding)
Stlth    ..........             (no amulet)
HPRegen  0.19/turn              F - ring of protection from fire
MPRegen  0.09/turn              (no ring)

@: berserking, very quick
A: large, rugged brown scales 3, see invisible, deformed body, roll 1, armoured
tail
a: Rolling Charge, Renounce Religion, Evoke Invisibility, Berserk, Trog's Hand


You were on level 2 of the Dungeon.
You worshipped Trog.
Trog was pleased with you.
You visited 1 branch of the dungeon, and saw 2 of its levels.

You collected 48 gold pieces.


Innate Abilities, Weirdness & Mutations

You are completely covered in rugged brown scales. (AC +3, +7% HP)
You have supernaturally acute eyesight. (SInv)
Armour fits poorly on your strangely shaped body.
You can roll at nearby foes to attack.
You have a long armoured tail.


   Skills:
 + Level 3.7 Fighting
 + Level 3.6 Maces & Flails
 + Level 2.3 Armour
 + Level 2.3 Dodging
 + Level 1.3 Evocations


You had 3 spell levels left.
You didn't know any spells.
Your spell library was empty.

Inventory:

Hand Weapons
 q - a +0 flail (weapon)
   (You took it off Terence on level 2 of the Dungeon)
Missiles
 j - 22 arrows
 l - 21 bolts
Armour
 b - a +0 animal skin
 c - a scarf of invisibility (worn)
   (You found it on level 1 of the Dungeon)
 f - a scarf of harm
   (You found it on level 1 of the Dungeon)
 m - a +0 helmet (worn)
   (You took it off Robin on level 2 of the Dungeon)
 p - a +0 chain mail of willpower (worn)
   (You took it off Terence on level 2 of the Dungeon)
Jewellery
 F - a ring of protection from fire (left hand)
   (You found it on level 2 of the Dungeon)
Scrolls
 d - 3 scrolls of teleportation {unknown}
 e - 2 scrolls of identify {unknown}
 k - a scroll of enchant weapon {unknown}
 o - a scroll of enchant armour {unknown}
Potions
 g - a potion of haste {@q3}
 h - a potion of curing {unknown}
 i - a potion of brilliance {unknown}
 n - a potion of attraction {unknown}

Dungeon Overview and Level Annotations

Branches:
Dungeon (2/15)

Altars:
Fedhas

. #......########............... .
#......###.................<.. .
#....).....#.##...............
.###.<....####..##...............
#........#########..............#
.รท.#รท............#............#..
#........####.#..#...............
##.#.....#[ ####.##......... ##.#
#.#.....#?. #.@##........ #.
#..#######..###l# # ..#โ€ #
#.....#J# #.#)#### #J'.# #.#....#
##### ...โ€ .#.# .......# ........#
..........


You could see an iguana and an endoplasm.


Message History

q - a +0 flail ๐Ÿ˜• HP[+1]
You hit the ball python but do no damage.
The ball python closely misses you. x2
You barely miss the ball python. The ball python barely misses you.
The ball python bites you but does no damage.
You hit the ball python. The ball python barely misses you.
The ball python misses you. The ball python closely misses you.
You barely miss the ball python.
The ball python bites you but does no damage.
The ball python closely misses you. ๐Ÿ˜• HP[+1]
You sock the ball python!
You kill the ball python!
Trog accepts your kill.
q - a +0 flail (weapon)
Drop what? 18/52 slots (_ for help) (? for menu, Esc to quit)
You drop a +0 mace.
You start removing your armour.
You continue taking off your +0 animal skin. x4
You finish taking off your +0 animal skin.
You start putting on your armour.
You continue putting on your +0 chain mail of willpower.
You feel yourself speed up.
You continue putting on your +0 chain mail of willpower. x4
You finish putting on your +0 chain mail of willpower.
You feel strong-willed. ๐Ÿ˜• HP[+2]
You regained 2 hp, and now have 33/39 hp.
You start putting on your armour.
You continue putting on your +0 helmet. x4
You finish putting on your +0 helmet. ๐Ÿ˜• HP[+1]
Okay, then.
The quokka bites you but does no damage. x2
You sock the quokka!
You kill the quokka!
Trog accepts your kill.
No target in view!
No target in view!
No target in view!
You recover from your berserk rage.
You see here a +0 mace.
Things that are here:
a jackal corpse; a jackal corpse Key pressed, stopping explore.
Things that are here:
a +0 club; a goblin skeleton; ๐Ÿ˜Ž HP[+5]
Your hp is fully restored (39).
Things that are here:
a +0 club; a goblin skeleton Key pressed, stopping explore.
An iguana comes into view.
The iguana hisses angrily.
An endoplasm comes into view.
The iguana bites you but does no damage.
There is an open door here.
You hit the iguana.
You tail-slap the iguana, but do no damage.
The iguana barely misses you. The iguana bites you. The endoplasm freezes you.
You are frozen. ๐Ÿ˜• HP[-4]
You take 4 damage, and now have 35/39 hp.
You closely miss the iguana. The endoplasm hits you.
The iguana barely misses you. ๐Ÿ˜• HP[-1]
You take 1 damage, and now have 34/39 hp.
You hit the iguana but do no damage. The endoplasm freezes you.
You are frozen.
The iguana bites you. ๐Ÿ˜ฎ HP[-5]
You take 5 damage, and now have 29/39 hp.
You are too injured to fight recklessly!
You are too injured to fight recklessly!
You are too injured to fight recklessly! ๐Ÿ˜• HP[+1]
You hit the iguana but do no damage.
Your tail-slap misses the iguana.
The iguana bites you but does no damage.
You hit the iguana but do no damage. The iguana bites you! x2
* * * LOW HITPOINT WARNING * * *
๐Ÿ˜จ HP[-19]
You take 19 damage, and now have 11/39 hp.
MASSIVE DAMAGE!! (PAUSE)
You closely miss the iguana. The iguana bites you.
* * * LOW HITPOINT WARNING * * *
๐Ÿ˜ฑ HP[-3]
You take 3 damage, and now have 8/39 hp.
Okay, then.
A red film seems to cover your vision as you go berserk!
You feel yourself moving faster!
You feel mighty!
The iguana barely misses you. ๐Ÿ˜ฑ HP[+4]
You now have 58 max hp (+19).
You regained 4 hp, and now have 12/58 hp.
You completely miss the iguana. You hit the iguana.
Your tail-slap misses the iguana.
The iguana bites you!
* * * LOW HITPOINT WARNING * * *
๐Ÿ˜ฑ HP[-10]
You take 10 damage, and now have 2/58 hp.
You closely miss the iguana. The iguana bites you.
You die...

Skill      XL: |  1  2  3 |
---------------+----------+-----
Dodging        | 2 |  2.3
Armour         | 2 |  2.3
Evocations     | 1 |  1.3
Fighting       | |  3.7
Maces & Flails | |  3.6

Action                   |  1- 3 |  4- 6 || total
-------------------------+-------+-------++-------
Melee: Mace              |   108 |    38 ||   146
       Tailslap          |     6 |     3 ||     9
       Flail             |       |    10 ||    10
Invok: Berserk           |     3 |     2 ||     5
       Trog's Hand       |       |     1 ||     1
 Abil: Rolling Charge    |    14 |     4 ||    18
Armor: Animal skin       |    51 |     9 ||    60
       Chain mail        |       |     4 ||     4
Dodge: Dodged            |    71 |    26 ||    97

Levels and vault maps discovered:
D:1:      sevenhm_arrival_forest_fort_large_1, layout_basic,
          hellmonk_ecumenical_altar_crossroads
D:2:      minmay_wonky_spiral, layout_rooms, basic_altar, serial_shops, shop,
          st_stairs_13, uniq_robin, uniq_terence

Notes
Turn   | Place    | Note
-------+----------+-------------------------------------------
     0 | D:1      | spiderkeys the Palentonga Berserker began the quest for the
                  | Orb.
     0 | D:1      | Reached XP level 1. HP: 19/19 MP: 1/1
     0 | D:1      | magus.rc [v1.9.10]
   285 | D:1      | Reached XP level 2. HP: 25/25 MP: 2/2
   859 | D:1      | Found a faded altar of an unknown god.
  1159 | D:1      | Reached skill level 2 in Dodging
  1163 | D:1      | Reached XP level 3. HP: 20/31 MP: 3/3
  1186 | D:1      | Reached skill level 2 in Armour
  1195 | D:1      | Reached ** piety under Trog
  1573 | D:2      | Found a blossoming altar of Fedhas.
  1589 | D:2      | Noticed Robin
  2273 | D:2      | Killed Robin
  2274 | D:2      | Reached skill level 1 in Evocations
  2274 | D:2      | Reached XP level 4. HP: 34/37 MP: 4/4
  2472 | D:2      | Noticed Terence
  2573 | D:2      | Killed Terence
  2695 | D:2      | HP: 8/39 [iguana (3)]
  2698 | D:2      | HP: 2/58 [iguana (11)]
  2699 | D:2      | Slain by an iguana

Vanquished Creatures
  Terence (D:2)
  Robin (D:2)
  An adder (D:2)
  A worm (D:1)
  2 dart slugs
  3 endoplasms (D:1)
  2 giant cockroaches
  14 goblins
  8 hobgoblins
  11 jackals
  2 quokkas (D:2)
  5 ball pythons
  3 bats
  A frilled lizard (D:2)
  2 kobolds (D:1)
  4 rats
61 creatures vanquished.

Table legend:
 A = Non-vault XP
 B = Vault XP
 C = Vault XP percentage of total XP
 D = Non-vault monster count
 E = Vault monster count
 F = Vault count percentage of total count
                 A         B        C        D         E       F
            +---------+---------+-------+---------+---------+-------
      Total |      98 |      75 |  43.4 |      45 |      16 |  26.2
            +---------+---------+-------+---------+---------+-------
        D:1 |      54 |      24 |  30.8 |      27 |      14 |  34.1
        D:2 |      44 |      51 |  53.7 |      18 |       2 |  10.0
            +---------+---------+-------+---------+---------+-------

Illustrated notes

Table legend:
 A = Kills in this place as a percentage of kills in entire the game.
 B = Kills by you in this place as a percentage of kills by you in the entire game.
 C = Kills by friends in this place as a percentage of kills by friends in the entire game.
 D = Other kills in this place as a percentage of other kills in the entire game.
 E = Experience gained in this place as a percentage of experience gained in the entire game.
 F = Experience gained in this place divided by the number of levels of this place that you have seen.
                   A       B       C       D       E      F
               +-------+-------+-------+-------+-------+----------------------
         Total | 100.0 | 100.0 |   N/A |   N/A | 100.0 |  86.5
       Dungeon | 100.0 | 100.0 |   N/A |   N/A | 100.0 |  86.5
               +-------+-------+-------+-------+-------+----------------------

Table legend: (Time is in decaauts)
 A = Elapsed time spent in this place.
 B = Non-inter-level travel time spent in this place.
 C = Inter-level travel time spent in this place.
 D = Time resting spent in this place.
 E = Time spent auto-exploring this place.
 F = Levels seen in this place.
 G = Mean time per level.
                   A        B        C        D        E       F      G
               +--------+--------+--------+--------+--------+-----+--------+
         Total |   2777 |   2720 |     57 |    970 |   1333 |   2 | 1388.5 |
       Dungeon |   2777 |   2720 |     57 |    970 |   1333 |   2 | 1388.5 |
               +--------+--------+--------+--------+--------+-----+--------+

Top non-repeatable levels by time:
     D:1: 2361 daAuts
     D:2: 416 daAuts
